 Dungeon Crawl Stone Soup version 0.27-a0-1245-g940ed4fa31 (webtiles) character file.

Game seed: 8502468821154279202

115 iamoutofideas the Firebug (level 4, -4/24 HPs)
             Began as a Deep Elf Fire Elementalist on June 9, 2021.
             Slain by a worm (9 damage)
             ... on level 2 of the Dungeon.
             The game lasted 00:03:29 (2154 turns).

iamoutofideas the Firebug (DEFE)                    Turns: 2154, Time: 00:03:30

Health: -4/24      AC:  2    Str:  5    XL:     4   Next: 68%
Magic:  3/12       EV: 13    Int: 21    God:
Gold:   68         SH:  0    Dex: 15    Spells: 0/11 levels left

rFire    . . .     SeeInvis .   b - staff of air
rCold    . . .     Faith    .   (no shield)
rNeg     . . .     Spirit   .   a - +0 robe
rPois    .         Reflect  .   (no helmet)
rElec    +         Harm     .   (no cloak)
rCorr    .         Rampage  .   (no gloves)
Will     .....                  (no boots)
Stlth    ++........             (no amulet)
HPRegen  0.08/turn              (no ring)
MPRegen  0.13/turn              (no ring)

@: lethally poisoned (-4 -> -6)
A: no striking features
a: no special abilities


You were on level 2 of the Dungeon.
You visited 1 branch of the dungeon, and saw 2 of its levels.

You collected 68 gold pieces.

Inventory:

Armour
 a - a +0 robe (worn)
Magical Staves
 b - a staff of air (weapon)
Scrolls
 c - a scroll of torment {unknown}
 d - a scroll of fear {unknown}
 e - 3 scrolls of teleportation {unknown}
 h - a scroll of identify {unknown}
Potions
 f - a potion of resistance {unknown}
 g - a potion of mutation {unknown}
 i - a potion of berserk rage {unknown}


   Skills:
 + Level 2.7 Dodging
 - Level 2.5 Stealth
 + Level 4.3 Spellcasting
 + Level 2.6 Conjurations
 + Level 4.6 Fire Magic


You couldn't memorise any spells.
You knew the following spells:

 Your Spells              Type           Power      Damage    Failure   Level
a - Foxfire               Conj/Fire      76%        2x1d7     2%          1
b - Conjure Flame         Conj/Fire      19%        6-21      8%          3
c - Sticky Flame          Conj/Fire      19%        2d4       26%         4
d - Tukima's Dance        Hex            4%         N/A       34%         3

Your spell library contained the following spells:

 Spells                   Type           Power      Damage    Failure   Level
 Corona                   Hex            4%         N/A       12%         1
 Inner Flame              Hex/Fire       14%        N/A       14%         3
 Ensorcelled Hibernation  Hex/Ice        8%         N/A       19%         2
 Dazzling Flash           Conj/Hex       18%        N/A       21%         3
 Confusing Touch          Hex            4%         N/A       34%         3
 Fireball                 Conj/Fire      9%         3d6       58%         5


Dungeon Overview and Level Annotations

Branches:
Dungeon (2/15)

Altars:


Message History

You kill the endoplasm!
The foxfire hits the adder.
The adder is lightly wounded.
Casting: Foxfire (safe; 2% risk of failure)
Confirm with . or Enter, or press ? or * to list all spells.
You conjure some foxfire!
The adder bites you but does no damage. The adder bites you.
You are poisoned.
The adder poisons you!
You feel sick.
The foxfire hits the adder.
The adder is lightly wounded.
The foxfire hits the adder!
The adder is severely wounded.
The adder bites you but does no damage.
Casting: Foxfire (safe; 2% risk of failure)
Confirm with . or Enter, or press ? or * to list all spells.
You conjure some foxfire!
You feel sick. The adder bites you.
You are more poisoned.
The adder poisons you!
You feel sick.
The foxfire hits the adder.
You kill the adder!
The foxfire hits the rat!
You kill the rat!
Casting: Foxfire (safe; 2% risk of failure)
Confirm with . or Enter, or press ? or * to list all spells.
You conjure some foxfire!
You feel sick.
The foxfire hits the worm.
The worm is lightly wounded.
You feel sick.
The foxfire hits the worm.
The worm is moderately wounded.
Casting: Foxfire (safe; 2% risk of failure)
Confirm with . or Enter, or press ? or * to list all spells.
You conjure some foxfire!
You feel sick.
You feel sick.
The foxfire hits the worm!
The worm is severely wounded.
The foxfire hits the worm.
The worm is almost dead.
Casting: Foxfire (safe; 2% risk of failure)
Confirm with . or Enter, or press ? or * to list all spells.
You conjure some foxfire!
You feel sick. The worm bites you!
You die...

##.....# #####.#####
#.>....# #.# ######......#
##.####
.......#....#######.....##
########...........#####.##
#..........##)w.##.#
#.##..####.#.gK.S#.#
#.##.##)v###rSrg[#.#
#.#..#(.v@##..r.S#.#
#.#÷.#....w#'rrJ##.# ##
#....##.†##K#####.## ##.
##.....#)###'#....## ##.#
#######.........##.##.###
#.#.
.............†..#...+.##
#..
.######.......#.##(##..# #.
#......###..###...# #.
##.....# ##.....#.# #.


You could see a worm (ally target) and a kobold.

Vanquished Creatures
  Jessica (D:2)
  3 adders (D:2)
  2 dart slugs
  4 ball pythons (D:1)
  6 endoplasms
  6 giant cockroaches
  2 hobgoblins
  6 kobolds
  5 quokkas
  5 bats
  4 frilled lizards
  5 goblins
  8 rats
57 creatures vanquished.

Vanquished Creatures (others)
  140 foxfires
140 creatures vanquished.

Grand Total: 197 creatures vanquished

Notes
Turn   | Place    | Note
-------+----------+-------------------------------------------
     0 | D:1      | iamoutofideas the Deep Elf Fire Elementalist began the
                  | quest for the Orb.
     0 | D:1      | Reached XP level 1. HP: 10/10 MP: 6/6
     0 | D:1      | Noticed a ghoul
     1 | D:1      | Noticed a centaur
     5 | D:1      | Noticed a formicid
     6 | D:1      | Noticed a human
     7 | D:1      | Noticed a gargoyle
     8 | D:1      | Noticed a minotaur
     9 | D:1      | Noticed a naga
    11 | D:1      | Noticed a gargoyle
    11 | D:1      | Noticed an octopode
    13 | D:1      | Noticed a gargoyle
    15 | D:1      | Noticed a human
    15 | D:1      | Noticed a minotaur
    17 | D:1      | Noticed a vampire
    17 | D:1      | Noticed a human
    17 | D:1      | Noticed a formicid
    19 | D:1      | Noticed a dwarf
    19 | D:1      | Noticed an ogre
    21 | D:1      | Noticed a centaur
   299 | D:1      | Reached XP level 2. HP: 15/15 MP: 6/8
  1032 | D:1      | Reached XP level 3. HP: 19/19 MP: 6/10
  1328 | D:2      | Learned a level 3 spell: Conjure Flame
  1455 | D:2      | Noticed Jessica
  1464 | D:2      | Killed Jessica
  1465 | D:2      | Reached XP level 4. HP: 24/24 MP: 8/12
  1473 | D:2      | Learned a level 4 spell: Sticky Flame
  1793 | D:2      | Learned a level 3 spell: Tukima's Dance
  2154 | D:2      | Slain by a worm

Illustrated notes

Levels and vault maps discovered:
D:1:      shiori_arrival_whats_in_store_for_you, layout_loops_ring
D:2:      layout_loops_corners, basic_altar, minmay_misc_feat_pillars,
          minmay_joined_circles, uniq_jessica

Skill      XL: |  1  2  3 |
---------------+----------+-----
Fire Magic     | 4 |  4.6
Spellcasting   | 4 |  4.3
Conjurations   | 2 |  2.6
Dodging        | |  2.7
Stealth        | |  2.5

Action                   |  1- 3 |  4- 6 || total
-------------------------+-------+-------++-------
Melee: Unarmed           |     2 |       ||     2
 Cast: Foxfire           |    54 |    31 ||    85
       Sticky Flame      |       |     1 ||     1
Armor: Robe              |     4 |     4 ||     8
Dodge: Dodged            |    18 |     8 ||    26

Table legend: (Time is in decaauts)
 A = Elapsed time spent in this place.
 B = Non-inter-level travel time spent in this place.
 C = Inter-level travel time spent in this place.
 D = Time resting spent in this place.
 E = Time spent auto-exploring this place.
 F = Levels seen in this place.
 G = Mean time per level.
                   A        B        C        D        E       F      G
               +--------+--------+--------+--------+--------+-----+--------+
         Total |   2153 |   2120 |     33 |      7 |   1756 |   2 | 1076.5 |
       Dungeon |   2153 |   2120 |     33 |      7 |   1756 |   2 | 1076.5 |
               +--------+--------+--------+--------+--------+-----+--------+

Top non-repeatable levels by time:
     D:1: 1323 daAuts
     D:2: 830 daAuts
